MID
HARTFORD YARD GOATS @ LAKEWOOD BLUECLAWS
08/22/2049
 
TOP OF THE 1ST
Hartford Yard Goats batting - Pitching for Lakewood BlueClaws : RHP Pablo Medina
Pitching: RHP Pablo Medina
Batting: SHB Ken Griffey IV 0-0: Ball
1-0: Ball
2-0: Ground out 6-3 (Groundball, 6, EV 106.9 MPH)
Batting: SHB Jeff Sorrels 0-0: Ball
1-0: SINGLE (Groundball, 56D, EV 98.8 MPH)
Batting: RHB T.J. Williams 0-0: Ball
1-0: Foul Ball, location: 2F
1-1: Fly out, F8 (Flyball, 8RD, EV 103.8 MPH)
Batting: RHB John Stevenson 0-0: Ball
1-0: Ground out 4-3 (Groundball, 4, EV 79.4 MPH)
Top of the 1st over - 0 runs, 1 hit, 0 errors, 1 left on base; Hartford 0 - Lakewood 0
BOTTOM OF THE 1ST
Lakewood BlueClaws batting - Pitching for Hartford Yard Goats : RHP Ryan Squire
Pitching: RHP Ryan Squire
Batting: LHB Jonathan Roman 0-0: Ball
1-0: Ball
2-0: Ball
3-0: Called Strike
3-1: Called Strike
3-2: Foul Ball, location: 2F
3-2: Base on Balls
Batting: SHB Steve DeRienzo 0-0: Ball
Jonathan Roman steals 2nd, throwing error, E2
Jonathan Roman to third
1-0: Ball
2-0: Ball
3-0: Base on Balls
Batting: RHB Alan Weller 0-0: Ball
Steve DeRienzo steals 2nd, throwing error, E2
Jonathan Roman scores
Steve DeRienzo to third
1-0: Ground out 3-1 (Groundball, 34, EV 104.4 MPH)
Steve DeRienzo scores
Batting: SHB Brett St. Clair 0-0: Ground out 4-3 (Groundball, 4, EV 81.9 MPH)
Batting: RHB Mike Maserang 0-0: Ball
1-0: Ball
2-0: Ball
3-0: Base on Balls
Batting: LHB Josh George 0-0: Ball
1-0: Ball
2-0: Ball
3-0: Called Strike
3-1: Base on Balls
Mike Maserang to second
Batting: LHB Eric Farren 0-0: Swinging Strike
0-1: Foul Ball, location: 2F
0-2: Foul Ball, location: 2F
0-2: Ball
1-2: Ball
2-2: SINGLE (Line Drive, 56D, EV 100.0 MPH)
Mike Maserang to third
Josh George to second
Batting: RHB Juan Valadez 0-0: Called Strike
0-1: Ball
1-1: Called Strike
1-2: Ground out 5-3 (Groundball, 5S, EV 65.6 MPH)
Bottom of the 1st over - 2 runs, 1 hit, 2 errors, 3 left on base; Hartford 0 - Lakewood 2
TOP OF THE 2ND
Hartford Yard Goats batting - Pitching for Lakewood BlueClaws : RHP Pablo Medina
Batting: RHB Bryce Hickman 0-0: Ball
1-0: Called Strike
1-1: Ball
2-1: Ball
3-1: Foul Ball, location: 2F
3-2: Strikes out looking
Batting: LHB Harry Folsom 0-0: Called Strike
0-1: Ball
1-1: Ball
2-1: Foul Ball, location: 2F
2-2: Ground out 4-3 (Groundball, 4, EV 95.0 MPH)
Batting: RHB Dwane Reed 0-0: Ball
1-0: Called Strike
1-1: Ball
2-1: Called Strike
2-2: Ground out 6-3 (Groundball, 56, EV 88.8 MPH)
Top of the 2nd over - 0 runs, 0 hits, 0 errors, 0 left on base; Hartford 0 - Lakewood 2
BOTTOM OF THE 2ND
Lakewood BlueClaws batting - Pitching for Hartford Yard Goats : RHP Ryan Squire
Batting: RHB Trent Hedrick 0-0: Ground out 5-3 (Groundball, 25, EV 87.5 MPH)
Batting: LHB Jonathan Roman 0-0: Called Strike
0-1: Ball
1-1: Fly out, F9 (Flyball, 9D, EV 92.5 MPH)
Batting: SHB Steve DeRienzo 0-0: Called Strike
0-1: Ball
1-1: Ball
2-1: Ball
3-1: Foul Ball, location: 2F
3-2: Ground out 6-3 (Groundball, 6, EV 81.2 MPH)
Bottom of the 2nd over - 0 runs, 0 hits, 0 errors, 0 left on base; Hartford 0 - Lakewood 2
TOP OF THE 3RD
Hartford Yard Goats batting - Pitching for Lakewood BlueClaws : RHP Pablo Medina
Batting: SHB Brad Madden 0-0: SINGLE (Groundball, 34D, EV 101.9 MPH)
Batting: RHB Ray Insley 0-0: Ball
1-0: Called Strike
1-1: Swinging Strike
1-2: Strikes out swinging
Brad Madden steals 2nd base
Batter strikes out.
Batting: SHB Ken Griffey IV 0-0: Called Strike
0-1: Swinging Strike
0-2: Ball
1-2: Ball
2-2: Ball
3-2: Strikes out swinging
Batting: SHB Jeff Sorrels 0-0: Ball
1-0: Ground out 4-3 (Groundball, 4, EV 85.6 MPH)
Top of the 3rd over - 0 runs, 1 hit, 0 errors, 1 left on base; Hartford 0 - Lakewood 2
BOTTOM OF THE 3RD
Lakewood BlueClaws batting - Pitching for Hartford Yard Goats : RHP Ryan Squire
Batting: RHB Alan Weller 0-0: Fly out, F9 (Line Drive, 89M, EV 96.2 MPH)
Batting: SHB Brett St. Clair 0-0: Ball
1-0: Ball
2-0: Foul Ball, location: 2F
2-1: Ball
3-1: Base on Balls
Batting: RHB Mike Maserang 0-0: Ball
Brett St. Clair steals 2nd base
1-0: Called Strike
1-1: Fly out, F7 (Flyball, 7, EV 89.4 MPH)
Batting: LHB Josh George 0-0: Ball
1-0: Called Strike
1-1: Called Strike
1-2: Foul Ball, location: 2F
1-2: Ball
2-2: Ball
3-2: Base on Balls
Batting: LHB Eric Farren 0-0: Ball
1-0: Ground out 1-3 (Groundball, 13S, EV 71.9 MPH)
Bottom of the 3rd over - 0 runs, 0 hits, 0 errors, 2 left on base; Hartford 0 - Lakewood 2
TOP OF THE 4TH
Hartford Yard Goats batting - Pitching for Lakewood BlueClaws : RHP Pablo Medina
Batting: RHB T.J. Williams 0-0: Ball
1-0: Foul Ball, location: 2F
1-1: Fly out, F3 (Line Drive, 34, EV 66.9 MPH)
Batting: RHB John Stevenson 0-0: Ball
1-0: SINGLE (Groundball, P, EV 86.9 MPH) (infield hit)
Batting: RHB Bryce Hickman 0-0: Called Strike
0-1: Swinging Strike
0-2: Strikes out swinging
Batting: LHB Harry Folsom 0-0: Called Strike
0-1: Ball
1-1: SINGLE (Groundball, 34D, EV 95.6 MPH)
John Stevenson to second
Runner from 2nd tries for 3rd, OUT! 9-5
Top of the 4th over - 0 runs, 2 hits, 0 errors, 1 left on base; Hartford 0 - Lakewood 2
BOTTOM OF THE 4TH
Lakewood BlueClaws batting - Pitching for Hartford Yard Goats : RHP Ryan Squire
Batting: RHB Juan Valadez 0-0: Ball
1-0: Ball
2-0: Ball
3-0: Base on Balls
Batting: RHB Trent Hedrick 0-0: Grounds into double play, 6-4-3 (Groundball, 6, EV 84.4 MPH)
Batting: LHB Jonathan Roman 0-0: Called Strike
0-1: Ball
1-1: SINGLE (Line Drive, 7S, EV 103.1 MPH)
Batting: SHB Steve DeRienzo 0-0: Ball
1-0: Ball
Jonathan Roman steals 2nd, throwing error, E2
Jonathan Roman to third
2-0: Foul Ball, location: 2F
2-1: DOUBLE (Line Drive, 7LS, EV 101.9 MPH)
Jonathan Roman scores
Batting: RHB Alan Weller 0-0: Ball
1-0: Ball
2-0: Ground out 4-3 (Groundball, 4, EV 86.9 MPH)
Bottom of the 4th over - 1 run, 2 hits, 1 error, 1 left on base; Hartford 0 - Lakewood 3
TOP OF THE 5TH
Hartford Yard Goats batting - Pitching for Lakewood BlueClaws : RHP Pablo Medina
Batting: RHB Dwane Reed 0-0: Ball
1-0: Ball
2-0: Ball
3-0: Called Strike
3-1: Base on Balls
Batting: SHB Brad Madden 0-0: Called Strike
0-1: Fielders Choice at 2nd, 6-4 (Groundball, 6M, EV 106.9 MPH)
Batting: RHB Ray Insley 0-0: Ball
1-0: Ball
2-0: Called Strike
2-1: Ball
3-1: Called Strike
3-2: Fielders Choice at 2nd, 6-4 (Groundball, 6, EV 80.0 MPH)
Batting: SHB Ken Griffey IV 0-0: Ball
1-0: Ball
2-0: Foul Ball, location: 2F
2-1: Ball
3-1: Base on Balls
Ray Insley to second
Batting: SHB Jeff Sorrels 0-0: Ground out 4-3 (Groundball, 4, EV 86.2 MPH)
Top of the 5th over - 0 runs, 0 hits, 0 errors, 2 left on base; Hartford 0 - Lakewood 3
BOTTOM OF THE 5TH
Lakewood BlueClaws batting - Pitching for Hartford Yard Goats : RHP Ryan Squire
Batting: SHB Brett St. Clair 0-0: Called Strike
0-1: Called Strike
0-2: SINGLE (Line Drive, 6MD, EV 96.9 MPH)
Batting: RHB Mike Maserang 0-0: Ball
1-0: Ball
Brett St. Clair steals 2nd base
2-0: Called Strike
2-1: Ball
3-1: Called Strike
3-2: Base on Balls
Pitching: RHP Jim Crooks
Batting: LHB Josh George 0-0: Called Strike
0-1: Swinging Strike
0-2: Ball
1-2: Strikes out swinging
Batting: LHB Eric Farren 0-0: Ball
1-0: SINGLE (Groundball, 6MD, EV 99.4 MPH)
Brett St. Clair to third
Mike Maserang to second
Runner from 3rd tries for Home, throw by CF and OUT! 8-2
Mike Maserang to third
Eric Farren to second
Batting: RHB Juan Valadez 0-0: Ball
1-0: Swinging Strike
1-1: Ball
2-1: Ground out 5-3 (Groundball, 5, EV 103.8 MPH)
Bottom of the 5th over - 0 runs, 2 hits, 0 errors, 2 left on base; Hartford 0 - Lakewood 3
TOP OF THE 6TH
Hartford Yard Goats batting - Pitching for Lakewood BlueClaws : RHP Pablo Medina
Batting: RHB T.J. Williams 0-0: Ball
1-0: Foul Ball, location: 2F
1-1: Fly out, F6 (Line Drive, 6D, EV 67.5 MPH)
Batting: RHB John Stevenson 0-0: Ball
1-0: Hit by Pitch
Batting: RHB Bryce Hickman 0-0: Ball
1-0: Ball
2-0: Ball
3-0: Called Strike
3-1: Called Strike
3-2: Base on Balls
John Stevenson to second
Batting: LHB Harry Folsom 0-0: Called Strike
0-1: Ball
1-1: Ball
2-1: Ball
3-1: Foul Ball, location: 2F
3-2: Base on Balls
John Stevenson to third
Bryce Hickman to second
Batting: RHB Dwane Reed 0-0: Ball
1-0: Foul Ball, location: 2F
1-1: Ball
2-1: Ball
3-1: Base on Balls
John Stevenson scores
Bryce Hickman to third
Harry Folsom to second
Pitching: RHP Alec Guglielmo
Batting: SHB Brad Madden 0-0: Ball
1-0: Reached on error, E6 (Groundball, 6, EV 89.4 MPH)
Bryce Hickman scores
Harry Folsom to third
Dwane Reed to second
Batting: RHB Ray Insley 0-0: Ball
1-0: Called Strike
1-1: GRAND SLAM HOME RUN (Flyball, 7D, EV 96.9 MPH), Distance : 365 ft
Batting: SHB Ken Griffey IV 0-0: Fly out, F6 (Line Drive, 5, EV 67.5 MPH)
Batting: SHB Jeff Sorrels 0-0: Called Strike
0-1: Swinging Strike
0-2: Ground out 4-3 (Groundball, 4, EV 81.9 MPH)
Top of the 6th over - 6 runs, 1 hit, 1 error, 0 left on base; Hartford 6 - Lakewood 3
BOTTOM OF THE 6TH
Lakewood BlueClaws batting - Pitching for Hartford Yard Goats : RHP Jim Crooks
Batting: RHB Trent Hedrick 0-0: Swinging Strike
0-1: Hit by Pitch
Batting: LHB Jonathan Roman 0-0: Called Strike
0-1: Ball
1-1: Ball
2-1: Fielders Choice at 2nd, 5-4 (Groundball, 5L, EV 100.6 MPH)
Batting: SHB Steve DeRienzo 0-0: Ball
1-0: Called Strike
Jonathan Roman steals 2nd base
1-1: Foul Ball, location: 2F
1-2: Strikes out swinging
Batting: RHB Alan Weller 0-0: Ball
1-0: Called Strike
1-1: Ball
2-1: Called Strike
2-2: Strikes out swinging
Bottom of the 6th over - 0 runs, 0 hits, 0 errors, 1 left on base; Hartford 6 - Lakewood 3
TOP OF THE 7TH
Hartford Yard Goats batting - Pitching for Lakewood BlueClaws : RHP Alec Guglielmo
Batting: RHB T.J. Williams 0-0: Called Strike
0-1: Foul Ball, location: 2F
0-2: Ball
1-2: SINGLE (Groundball, 6MD, EV 99.4 MPH)
Batting: RHB John Stevenson 0-0: Ball
1-0: Ball
2-0: Foul Ball, location: 2F
2-1: Swinging Strike
2-2: Foul Ball, location: 2F
2-2: Foul Ball, location: 2F
2-2: Foul Ball, location: 2F
2-2: Ball
3-2: Base on Balls
T.J. Williams to second
Batting: RHB Bryce Hickman 0-0: Ball
1-0: Called Strike
1-1: Ball
2-1: Foul Ball, location: 2F
2-2: Strikes out swinging
Batting: LHB Harry Folsom 0-0: Fly out, F9 (Flyball, 9LD, EV 104.4 MPH)
Batting: RHB Dwane Reed 0-0: Ball
1-0: Reached on error, E4 (Groundball, 4, EV 105.0 MPH)
T.J. Williams to third
John Stevenson to second
Batting: SHB Brad Madden 0-0: SINGLE (Line Drive, 8LS, EV 105.6 MPH)
T.J. Williams scores
John Stevenson to third
Dwane Reed to second
Batting: RHB Ray Insley 0-0: Ball
1-0: Foul Ball, location: 2F
1-1: Called Strike
1-2: Ball
2-2: Strikes out looking
Top of the 7th over - 1 run, 2 hits, 1 error, 3 left on base; Hartford 7 - Lakewood 3
BOTTOM OF THE 7TH
Lakewood BlueClaws batting - Pitching for Hartford Yard Goats : RHP Jim Crooks
Pitching: RHP Gorgonio Sigua
Batting: SHB Brett St. Clair 0-0: Ball
1-0: Ball
2-0: Swinging Strike
2-1: Ball
3-1: Base on Balls
Batting: RHB Mike Maserang 0-0: SINGLE (Groundball, 56D, EV 108.8 MPH)
Brett St. Clair to second
Batting: LHB Josh George Balk!
Brett St. Clair to third
Mike Maserang to second
0-0: Foul Ball, location: 2F
0-1: Swinging Strike
0-2: Ball
1-2: Ball
2-2: Foul Ball, location: 2F
2-2: Ball
3-2: Fly out, F8 (Flyball, 89M, EV 89.4 MPH)
Runner from 3rd tags up, SCORES, throw by CF
Mike Maserang to third
Batting: LHB Eric Farren 0-0: SINGLE (Flyball, 89S, EV 89.4 MPH)
Mike Maserang scores
Batting: RHB Juan Valadez 0-0: SINGLE (Groundball, 6MD, EV 103.1 MPH)
Eric Farren to second
Runner from 2nd tries for 3rd, SAFE, throw by CF made to third
Batting: RHB Trent Hedrick 0-0: Ball
1-0: Ball
2-0: Ball
3-0: Base on Balls
Juan Valadez to second
Batting: LHB Jonathan Roman 0-0: Called Strike
0-1: Foul Ball, location: 2F
0-2: Ball
1-2: Ball
2-2: Ball
3-2: Foul Ball, location: 2F
3-2: Foul Ball, location: 2F
3-2: Foul Ball, location: 2F
3-2: Fly out, F7 (Flyball, 7LS, EV 82.5 MPH)
Pitching: RHP Saburo Fujimoto
Batting: SHB Steve DeRienzo 0-0: Ball
1-0: Fly out, F8 (Line Drive, 8LM, EV 89.4 MPH)
Bottom of the 7th over - 2 runs, 3 hits, 0 errors, 3 left on base; Hartford 7 - Lakewood 5
TOP OF THE 8TH
Hartford Yard Goats batting - Pitching for Lakewood BlueClaws : RHP Alec Guglielmo
Pitching: RHP John Hughes
Batting: SHB Ken Griffey IV 0-0: Ball
1-0: Ground out U3 (Groundball, 3, EV 87.5 MPH)
Batting: SHB Jeff Sorrels 0-0: Foul Ball, location: 2F
0-1: Called Strike
0-2: Ball
1-2: Ball
2-2: Ground out 1-3 (Groundball, P, EV 69.4 MPH)
Batting: RHB T.J. Williams 0-0: Ball
1-0: Called Strike
1-1: Ball
2-1: Foul Ball, location: 2F
2-2: SINGLE (Line Drive, 7LS, EV 85.6 MPH)
Batting: RHB John Stevenson 0-0: SINGLE (Groundball, 4MD, EV 100.0 MPH)
T.J. Williams to second
Batting: RHB Bryce Hickman 0-0: Foul Ball, location: 2F
0-1: Ball
1-1: Foul Ball, location: 2F
1-2: Ground out U3 (Groundball, 34S, EV 75.0 MPH)
Top of the 8th over - 0 runs, 2 hits, 0 errors, 2 left on base; Hartford 7 - Lakewood 5
BOTTOM OF THE 8TH
Lakewood BlueClaws batting - Pitching for Hartford Yard Goats : RHP Saburo Fujimoto
Batting: RHB Alan Weller 0-0: Ball
1-0: Ground out 6-3 (Groundball, 6MD, EV 81.9 MPH)
Batting: SHB Brett St. Clair 0-0: Ball
1-0: Ball
2-0: Ball
3-0: Called Strike
3-1: Base on Balls
Batting: RHB Mike Maserang 0-0: Called Strike
0-1: Ball
1-1: Ball
2-1: Ball
3-1: Base on Balls
Brett St. Clair to second
Batting: LHB Josh George 0-0: Ball
1-0: Ball
2-0: Foul Ball, location: 2F
2-1: SINGLE (Line Drive, 89S, EV 97.5 MPH)
Brett St. Clair to third
Mike Maserang to second
Runner from 3rd tries for Home, SAFE, throw by RF to home
Batting: LHB Eric Farren 0-0: Called Strike
0-1: SINGLE (Groundball, 56D, EV 100.0 MPH) (infield hit)
Mike Maserang to third
Josh George to second
Batting: RHB Juan Valadez 0-0: Called Strike
0-1: Ball
1-1: Ball
2-1: Foul Ball, location: 2F
2-2: Fly out, F7 (Line Drive, 78M, EV 108.1 MPH)
Pinch Hitting: LHB Matt Urbanek 0-0: Called Strike
0-1: Ground out 5-3 (Groundball, 25, EV 83.8 MPH)
Bottom of the 8th over - 1 run, 2 hits, 0 errors, 3 left on base; Hartford 7 - Lakewood 6
TOP OF THE 9TH
Hartford Yard Goats batting - Pitching for Lakewood BlueClaws : RHP John Hughes
Pitching: LHP Mike Aldrich
Now at SS: Kyle Reilly
Batting: LHB Harry Folsom 0-0: Ball
1-0: Ground out 5-3 (Groundball, 5L, EV 96.2 MPH)
Pitching: LHP Cesar Andrade
Batting: RHB Dwane Reed 0-0: DOUBLE (Line Drive, 78XD, EV 106.2 MPH)
Batting: SHB Brad Madden 0-0: Ground out 6-3 (Groundball, 6, EV 111.2 MPH)
Batting: RHB Ray Insley 0-0: Foul Ball, location: 2F
0-1: Swinging Strike
0-2: Ball
1-2: Ground out 6-3 (Groundball, 6, EV 95.0 MPH)
Top of the 9th over - 0 runs, 1 hit, 0 errors, 1 left on base; Hartford 7 - Lakewood 6
BOTTOM OF THE 9TH
Lakewood BlueClaws batting - Pitching for Hartford Yard Goats : RHP Saburo Fujimoto
Pitching: RHP Jonathan Alldritt
Batting: LHB Jonathan Roman 0-0: Ball
1-0: Ball
2-0: Ball
3-0: Base on Balls
Batting: SHB Steve DeRienzo 0-0: Ball
1-0: Sac Bunt to 15S - play at first, batter OUT! 1-3
Jonathan Roman to second
Batting: RHB Alan Weller 0-0: Ball
1-0: Ball
2-0: 2-RUN HOME RUN (Flyball, 78XD, EV 98.8 MPH), Distance : 390 ft
Bottom of the 9th over - 2 runs, 1 hit, 0 errors, 0 left on base; Hartford 7 - Lakewood 8
Sunday, July 16th , 2023 - OOTP Baseball 24.6 Build 69